3004 views
Uploaded 2020-02-22 16:51:57
Game version 1.32 / 1.32.1
29:26 long 4on4 ladder game on (8)Northshire_LV
Saved by BaDitO2
3004 views
Uploaded 2020-02-22 16:51:57
Game version 1.32 / 1.32.1
29:26 long 4on4 ladder game on (8)Northshire_LV


190 units @ 32.1k
/ 7.4k
98 buildings @ 12.4k
/ 5.2k

| Scroll of Regeneration | 4 | 400 |
| Lesser Clarity Potion | 8 | 560 |
| Potion of Mana | 2 | 400 |
| Potion of Healing | 1 | 150 |
| Scroll of Healing | 2 | 500 |
| Scroll of Town Portal | 1 | 350 |
| Potion of Lesser Invulnerability | 1 | 150 |
| Boots of Speed | 1 | 250 |
| Potion of Invisibility | 1 | 100 |
| Orb of Corruption | 1 | 375 |
| total: | 22 | 3235g |
| Peasant | 9 | 675 | / | 0 |
| Flying Machine | 17 | 1700 | / | 510 |
| Siege Engine | 27 | 5265 | / | 1620 |
| Goblin Shredder | 2 | 750 | / | 200 |
| Goblin Zeppelin | 3 | 720 | / | 180 |
| total: | 58 | 9110g | / | 2510w |
| Scout Tower | 8 | 240 | / | 160 |
| Guard Tower | 5 | 350 | / | 250 |
| Altar of Kings | 1 | 180 | / | 50 |
| Farm | 15 | 1200 | / | 300 |
| Lumber Mill | 1 | 120 | / | 0 |
| Arcane Vault | 1 | 130 | / | 30 |
| Blacksmith | 1 | 140 | / | 60 |
| Town Hall | 2 | 770 | / | 410 |
| Workshop | 4 | 560 | / | 560 |
| Keep | 1 | 320 | / | 210 |
| Castle | 1 | 360 | / | 210 |
| total: | 33 | 3340g | / | 1570w |
| 0:04 | Peasant |
| 0:04 | Peasant |
| 0:06 | Altar of Kings |
| 0:19 | Farm |
| 0:20 | Peasant |
| 0:35 | Lumber Mill |
| 0:37 | Peasant |
| 0:53 | Farm |
| 0:54 | Peasant |
| 1:13 | Scout Tower |
| 1:17 | Peasant |
| 1:18 | Peasant |
| 1:23 | Farm |
| 1:25 | Peasant |
| 1:38 | Scout Tower |
| 1:39 | Peasant |
| 1:51 | Guard Tower |
| 2:05 | Arcane Vault |
| 2:13 | Flame Strike |
| 2:54 | Keep |
| 3:19 | Guard Tower |
| 3:21 | Scout Tower |
| 3:48 | Guard Tower |
| 3:50 | Scout Tower |
| 4:17 | Blacksmith |
| 4:21 | Guard Tower |
| 5:32 | Castle |
| 5:46 | Goblin Shredder |
| 5:58 | Scroll of Regeneration |
| 6:45 | Siphon Mana |
| 7:14 | Town Hall |
| 7:16 | Scout Tower |
| 7:17 | Scout Tower |
| 7:17 | Scout Tower |
| 7:18 | Scout Tower |
| 7:29 | Lesser Clarity Potion |
| 7:40 | Goblin Zeppelin |
| 7:54 | Guard Tower |
| 7:59 | Improved Lumber Harvesting |
| 8:36 | Workshop |
| 9:32 | Workshop |
| 10:11 | Workshop |
| 10:20 | Lesser Clarity Potion |
| 10:22 | Flame Strike |
| 10:31 | Black Gunpowder |
| 10:32 | Iron Plating |
| 10:33 | Flying Machine Bombs |
| 10:34 | Flak Cannons |
| 11:36 | Workshop |
| 11:38 | Scroll of Regeneration |
| 11:39 | Lesser Clarity Potion |
| 11:42 | Potion of Mana |
| 12:12 | Flying Machine |
| 12:12 | Flying Machine |
| 12:12 | Flying Machine |
| 12:13 | Flying Machine |
| 12:13 | Flying Machine |
| 12:30 | Goblin Shredder |
| 12:48 | Potion of Mana |
| 12:48 | Scroll of Healing |
| 12:52 | Scroll of Healing |
| 12:52 | Orb of Corruption |
| 12:57 | Flying Machine |
| 12:57 | Flying Machine |
| 12:57 | Flying Machine |
| 13:14 | Potion of Healing |
| 13:25 | Farm |
| 13:29 | Farm |
| 13:31 | Refined Gunpowder |
| 13:46 | Scroll of Town Portal |
| 14:22 | Steel Plating |
| 14:23 | Flying Machine |
| 14:24 | Flying Machine |
| 14:32 | Flying Machine |
| 14:32 | Flying Machine |
| 14:46 | Barrage |
| 15:31 | Flying Machine |
| 15:32 | Flying Machine |
| 15:32 | Flying Machine |
| 15:32 | Flying Machine |
| 15:45 | Lesser Clarity Potion |
| 15:50 | Flying Machine |
| 16:26 | Siege Engine |
| 16:27 | Siege Engine |
| 16:27 | Siege Engine |
| 16:27 | Siege Engine |
| 16:33 | Farm |
| 16:39 | Lesser Clarity Potion |
| 16:44 | Farm |
| 16:46 | Farm |
| 16:50 | Farm |
| 16:50 | Farm |
| 16:51 | Farm |
| 17:32 | Farm |
| 17:33 | Farm |
| 17:34 | Farm |
| 17:58 | Siege Engine |
| 17:58 | Siege Engine |
| 17:58 | Siege Engine |
| 18:01 | Banish |
| 18:24 | Siege Engine |
| 18:45 | Siege Engine |
| 19:09 | Siege Engine |
| 19:12 | Scroll of Regeneration |
| 19:14 | Lesser Clarity Potion |
| 19:15 | Lesser Clarity Potion |
| 19:36 | Siege Engine |
| 20:09 | Siege Engine |
| 20:28 | Siege Engine |
| 20:28 | Siege Engine |
| 20:33 | Scroll of Regeneration |
| 20:36 | Lesser Clarity Potion |
| 21:17 | Siege Engine |
| 21:43 | Siege Engine |
| 22:06 | Siege Engine |
| 22:18 | Farm |
| 22:30 | Goblin Zeppelin |
| 22:43 | Siege Engine |
| 22:57 | Siege Engine |
| 23:16 | Siege Engine |
| 23:23 | Goblin Zeppelin |
| 24:41 | Potion of Lesser Invulnerability |
| 24:46 | Boots of Speed |
| 24:50 | Potion of Invisibility |
| 25:06 | Siege Engine |
| 25:23 | Siege Engine |
| 25:23 | Siege Engine |
| 26:28 | Siege Engine |
| 27:42 | Siege Engine |
| 28:01 | Flame Strike |
| 28:06 | Summon Phoenix |
| 28:25 | Siege Engine |
| 28:25 | Siege Engine |
| 28:52 | Siphon Mana |
| 29:22 | Town Hall |
| Right click | 1258 |
| Select | 422 |
| Build/train/purchase | 150 |
| Select group | 136 |
| Chat | 97 |
| Use ability | 68 |
| Misc. action | 38 |
| Assign group | 25 |
| Esc | 9 |
| Item give/drop | 1 |

| Orb of Venom | 1 | 325 |
| Potion of Healing | 1 | 150 |
| Dust of Appearance | 2 | 150 |
| Scroll of Healing | 1 | 250 |
| Scroll of Town Portal | 2 | 700 |
| Periapt of Vitality | 1 | 325 |
| total: | 8 | 1900g |
| Wisp | 15 | 900 | / | 0 |
| Dryad | 17 | 2465 | / | 1020 |
| Mountain Giant | 9 | 3150 | / | 900 |
| total: | 41 | 6515g | / | 1920w |
| Ancient Protector | 3 | 405 | / | 240 |
| Altar of Elders | 1 | 180 | / | 50 |
| Moon Well | 7 | 1260 | / | 280 |
| Hunter's Hall | 1 | 210 | / | 100 |
| Ancient of Wonders | 1 | 90 | / | 30 |
| Ancient of Lore | 2 | 310 | / | 290 |
| Tree of Ages | 1 | 320 | / | 180 |
| Tree of Eternity | 1 | 330 | / | 200 |
| total: | 15 | 2455g | / | 990w |
| 0:06 | Wisp |
| 0:11 | Wisp |
| 0:11 | Wisp |
| 0:25 | Altar of Elders |
| 0:31 | Wisp |
| 0:42 | Moon Well |
| 0:51 | Wisp |
| 0:53 | Wisp |
| 1:05 | Wisp |
| 1:43 | Moon Well |
| 2:04 | Wisp |
| 2:04 | Wisp |
| 2:18 | Wisp |
| 2:27 | Hunter's Hall |
| 2:39 | Mana Burn |
| 2:44 | Ancient of Wonders |
| 2:50 | Moon Well |
| 2:59 | Tree of Ages |
| 3:19 | Moon Well |
| 3:47 | Ancient Protector |
| 3:54 | Ancient Protector |
| 4:05 | Strength of the Wild |
| 4:08 | Reinforced Hides |
| 4:23 | Moon Well |
| 5:20 | Wisp |
| 5:20 | Wisp |
| 5:42 | Ancient of Lore |
| 5:48 | Ancient of Lore |
| 5:57 | Moon Well |
| 6:33 | Evasion |
| 6:36 | Improved Strength of the Wild |
| 6:46 | Dust of Appearance |
| 6:56 | Abolish Magic |
| 7:04 | Dryad |
| 8:12 | Wisp |
| 8:12 | Wisp |
| 8:18 | Dryad |
| 8:22 | Improved Reinforced Hides |
| 8:42 | Dryad |
| 8:53 | Dryad |
| 9:01 | Wisp |
| 9:32 | Ancient Protector |
| 9:45 | Dryad |
| 10:26 | Tree of Eternity |
| 10:38 | Ultravision |
| 10:43 | Periapt of Vitality |
| 10:45 | Scroll of Healing |
| 10:51 | Dust of Appearance |
| 11:45 | Dryad |
| 11:45 | Dryad |
| 12:49 | Dryad |
| 12:50 | Dryad |
| 13:00 | Scroll of Town Portal |
| 13:11 | Advanced Strength of the Wild |
| 13:29 | Dryad |
| 13:43 | Dryad |
| 14:15 | Dryad |
| 14:21 | Dryad |
| 14:33 | Orb of Venom |
| 14:58 | Advanced Reinforced Hides |
| 15:14 | Scroll of Town Portal |
| 16:14 | Mountain Giant |
| 16:19 | Dryad |
| 16:43 | Well Spring |
| 16:55 | Hardened Skin |
| 17:14 | Resistant Skin |
| 17:54 | Mountain Giant |
| 18:09 | Mountain Giant |
| 18:10 | Mountain Giant |
| 18:15 | Mana Burn |
| 18:40 | Evasion |
| 19:50 | Mountain Giant |
| 20:04 | Mountain Giant |
| 20:57 | Mountain Giant |
| 21:21 | Moon Well |
| 21:34 | Mana Burn |
| 21:45 | Dryad |
| 22:33 | Mountain Giant |
| 24:10 | Mountain Giant |
| 26:25 | Dryad |
| 27:06 | Dryad |
| 28:35 | Metamorphosis |
| 29:18 | Potion of Healing |
| 29:22 | Evasion |
| Select | 357 |
| Right click | 354 |
| Build/train/purchase | 85 |
| Chat | 36 |
| Use ability | 18 |
| Misc. action | 15 |
| Resource trade | 15 |
| Minimap ping | 3 |
| Item give/drop | 2 |
| Remove unit | 2 |


| Rod of Necromancy | 6 | 900 |
| Potion of Healing | 5 | 750 |
| Potion of Mana | 1 | 200 |
| Orb of Corruption | 1 | 375 |
| Scroll of Town Portal | 3 | 1050 |
| total: | 16 | 3275g |
| Acolyte | 8 | 600 | / | 0 |
| Ghoul | 10 | 1200 | / | 0 |
| Crypt Fiend | 10 | 2150 | / | 400 |
| Obsidian Statue | 5 | 1000 | / | 175 |
| Abomination | 10 | 2400 | / | 700 |
| Gargoyle | 10 | 1750 | / | 300 |
| total: | 53 | 9100g | / | 1575w |
| Nerubian Tower | 1 | 100 | / | 20 |
| Spirit Tower | 3 | 435 | / | 120 |
| Graveyard | 1 | 215 | / | 0 |
| Ziggurat | 8 | 1200 | / | 400 |
| Crypt | 1 | 200 | / | 50 |
| Altar of Darkness | 1 | 180 | / | 50 |
| Tomb of Relics | 1 | 130 | / | 30 |
| Slaughterhouse | 3 | 420 | / | 405 |
| Halls of the Dead | 1 | 320 | / | 210 |
| Black Citadel | 1 | 325 | / | 230 |
| total: | 15 | 2345g | / | 935w |
| 0:02 | Acolyte |
| 0:02 | Acolyte |
| 0:09 | Graveyard |
| 0:13 | Ziggurat |
| 0:39 | Crypt |
| 0:58 | Altar of Darkness |
| 1:14 | Ziggurat |
| 1:33 | Nerubian Tower |
| 1:38 | Tomb of Relics |
| 1:51 | Ghoul |
| 1:51 | Ghoul |
| 2:03 | Ghoul |
| 2:03 | Ghoul |
| 2:16 | Ghoul |
| 2:27 | Crypt Fiend |
| 2:58 | Rod of Necromancy |
| 3:02 | Death Coil |
| 3:08 | Crypt Fiend |
| 3:42 | Crypt Fiend |
| 3:56 | Halls of the Dead |
| 4:09 | Unholy Aura |
| 4:20 | Crypt Fiend |
| 4:43 | Ziggurat |
| 4:52 | Ghoul |
| 5:04 | Creature Attack |
| 5:20 | Ziggurat |
| 5:23 | Rod of Necromancy |
| 5:52 | Death Coil |
| 5:59 | Crypt Fiend |
| 6:47 | Slaughterhouse |
| 6:49 | Acolyte |
| 7:26 | Frost Nova |
| 7:32 | Acolyte |
| 7:33 | Acolyte |
| 7:48 | Web |
| 8:29 | Obsidian Statue |
| 8:30 | Acolyte |
| 8:31 | Acolyte |
| 9:12 | Black Citadel |
| 9:17 | Obsidian Statue |
| 9:53 | Ziggurat |
| 9:54 | Ziggurat |
| 9:56 | Ziggurat |
| 9:57 | Ziggurat |
| 10:03 | Spirit Tower |
| 10:05 | Spirit Tower |
| 10:08 | Improved Creature Attack |
| 10:21 | Slaughterhouse |
| 10:51 | Rod of Necromancy |
| 10:52 | Potion of Healing |
| 10:59 | Crypt Fiend |
| 11:31 | Unholy Aura |
| 11:49 | Potion of Healing |
| 12:03 | Crypt Fiend |
| 12:04 | Crypt Fiend |
| 12:08 | Obsidian Statue |
| 12:12 | Slaughterhouse |
| 12:49 | Spirit Tower |
| 13:14 | Rod of Necromancy |
| 13:14 | Rod of Necromancy |
| 13:17 | Potion of Mana |
| 13:17 | Potion of Healing |
| 13:20 | Frost Armor |
| 13:33 | Crypt Fiend |
| 13:33 | Crypt Fiend |
| 13:36 | Scroll of Town Portal |
| 13:47 | Disease Cloud |
| 13:49 | Abomination |
| 14:22 | Abomination |
| 14:47 | Abomination |
| 14:56 | Potion of Healing |
| 14:57 | Orb of Corruption |
| 15:01 | Rod of Necromancy |
| 15:17 | Cannibalize |
| 16:07 | Abomination |
| 16:08 | Abomination |
| 16:32 | Scroll of Town Portal |
| 16:44 | Unholy Strength |
| 16:48 | Ghoul |
| 17:57 | Abomination |
| 17:59 | Improved Unholy Strength |
| 18:19 | Death Coil |
| 18:36 | Frost Nova |
| 18:52 | Abomination |
| 18:52 | Abomination |
| 18:56 | Frost Armor |
| 19:09 | Animate Dead |
| 19:44 | Obsidian Statue |
| 20:15 | Unholy Armor |
| 20:18 | Obsidian Statue |
| 20:50 | Potion of Healing |
| 21:04 | Destroyer Form |
| 21:34 | Improved Unholy Armor |
| 21:50 | Ghoul |
| 21:50 | Ghoul |
| 21:52 | Ghoul |
| 21:58 | Gargoyle |
| 21:58 | Gargoyle |
| 21:58 | Gargoyle |
| 21:59 | Gargoyle |
| 22:43 | Acolyte |
| 23:58 | Gargoyle |
| 23:58 | Gargoyle |
| 23:59 | Gargoyle |
| 27:23 | Abomination |
| 27:24 | Abomination |
| 27:28 | Gargoyle |
| 27:28 | Gargoyle |
| 27:28 | Gargoyle |
| 28:03 | Scroll of Town Portal |
| 29:03 | Frost Nova |
| Right click | 992 |
| Select | 556 |
| Select group | 468 |
| Build/train/purchase | 151 |
| Misc. action | 135 |
| Assign group | 51 |
| Use ability | 42 |
| Resource trade | 20 |
| Chat | 7 |
| Esc | 6 |
| Item give/drop | 5 |
| Minimap ping | 5 |
| Remove unit | 1 |


| Lesser Clarity Potion | 1 | 70 |
| Scroll of Regeneration | 3 | 300 |
| Scroll of Town Portal | 2 | 700 |
| total: | 6 | 1070g |
| Peasant | 10 | 750 | / | 0 |
| Footman | 9 | 1215 | / | 0 |
| Gryphon Rider | 18 | 5040 | / | 1260 |
| Goblin Shredder | 1 | 375 | / | 100 |
| total: | 38 | 7380g | / | 1360w |
| Barracks | 1 | 160 | / | 60 |
| Altar of Kings | 1 | 180 | / | 50 |
| Farm | 24 | 1920 | / | 480 |
| Arcane Vault | 1 | 130 | / | 30 |
| Lumber Mill | 1 | 120 | / | 0 |
| Blacksmith | 1 | 140 | / | 60 |
| Town Hall | 3 | 1155 | / | 615 |
| Gryphon Aviary | 3 | 420 | / | 450 |
| Keep | 1 | 320 | / | 210 |
| Castle | 1 | 360 | / | 210 |
| total: | 35 | 4225g | / | 1745w |
| 0:03 | Peasant |
| 0:03 | Peasant |
| 0:07 | Barracks |
| 0:14 | Altar of Kings |
| 0:18 | Farm |
| 0:33 | Peasant |
| 0:46 | Peasant |
| 1:01 | Farm |
| 1:13 | Footman |
| 1:20 | Footman |
| 1:35 | Farm |
| 1:43 | Farm |
| 1:46 | Footman |
| 1:53 | Peasant |
| 1:58 | Peasant |
| 2:11 | Footman |
| 2:21 | Summon Water Elemental |
| 2:24 | Farm |
| 2:36 | Footman |
| 2:47 | Arcane Vault |
| 3:06 | Farm |
| 3:09 | Footman |
| 3:38 | Brilliance Aura |
| 3:43 | Footman |
| 3:44 | Defend |
| 3:49 | Peasant |
| 3:54 | Farm |
| 4:00 | Lumber Mill |
| 4:08 | Lesser Clarity Potion |
| 4:33 | Footman |
| 4:43 | Blacksmith |
| 5:34 | Footman |
| 5:37 | Keep |
| 5:46 | Scroll of Regeneration |
| 6:06 | Town Hall |
| 6:40 | Goblin Shredder |
| 6:51 | Summon Water Elemental |
| 7:15 | Farm |
| 7:18 | Farm |
| 7:48 | Iron Forged Swords |
| 8:08 | Castle |
| 8:22 | Gryphon Aviary |
| 8:38 | Gryphon Aviary |
| 8:43 | Improved Lumber Harvesting |
| 9:01 | Steel Forged Swords |
| 9:19 | Farm |
| 9:40 | Holy Light |
| 10:00 | Gryphon Aviary |
| 10:17 | Farm |
| 10:30 | Gryphon Rider |
| 10:31 | Animal War Training |
| 10:33 | Studded Leather Armor |
| 11:03 | Gryphon Rider |
| 11:17 | Gryphon Rider |
| 11:58 | Gryphon Rider |
| 12:47 | Gryphon Rider |
| 13:11 | Devotion Aura |
| 13:14 | Brilliance Aura |
| 13:22 | Storm Hammers |
| 13:23 | Mithril Forged Swords |
| 13:52 | Gryphon Rider |
| 13:54 | Farm |
| 13:55 | Farm |
| 13:58 | Farm |
| 14:02 | Farm |
| 14:05 | Reinforced Leather Armor |
| 14:20 | Farm |
| 14:32 | Scroll of Town Portal |
| 14:33 | Scroll of Regeneration |
| 14:41 | Gryphon Rider |
| 14:44 | Farm |
| 14:45 | Farm |
| 15:38 | Gryphon Rider |
| 15:51 | Holy Light |
| 16:06 | Farm |
| 16:06 | Farm |
| 16:07 | Farm |
| 16:09 | Farm |
| 16:10 | Farm |
| 16:12 | Gryphon Rider |
| 16:43 | Gryphon Rider |
| 16:48 | Gryphon Rider |
| 17:20 | Dragonhide Armor |
| 17:49 | Town Hall |
| 18:21 | Summon Water Elemental |
| 18:30 | Divine Shield |
| 19:02 | Mass Teleport |
| 19:18 | Gryphon Rider |
| 19:33 | Peasant |
| 19:34 | Peasant |
| 19:34 | Peasant |
| 19:37 | Farm |
| 19:48 | Scroll of Regeneration |
| 19:49 | Scroll of Town Portal |
| 20:19 | Gryphon Rider |
| 20:28 | Backpack |
| 20:56 | Gryphon Rider |
| 21:41 | Advanced Lumber Harvesting |
| 21:44 | Improved Masonry |
| 21:47 | Black Gunpowder |
| 22:23 | Gryphon Rider |
| 22:56 | Gryphon Rider |
| 25:50 | Holy Light |
| 26:47 | Town Hall |
| 28:19 | Brilliance Aura |
| 28:19 | Brilliance Aura |
| 29:07 | Gryphon Rider |
| 29:07 | Gryphon Rider |
| 29:10 | Resurrection |
| Right click | 785 |
| Select | 510 |
| Select group | 235 |
| Build/train/purchase | 123 |
| Assign group | 24 |
| Use ability | 20 |
| Chat | 20 |
| Misc. action | 14 |
| Remove unit | 2 |
| Item give/drop | 1 |
| Minimap ping | 1 |
188 units @ 28.1k
/ 4.3k
63 buildings @ 11.5k
/ 4.9k


| Rod of Necromancy | 3 | 450 |
| Orb of Corruption | 1 | 375 |
| Potion of Mana | 1 | 200 |
| Scroll of Healing | 1 | 250 |
| Scroll of Town Portal | 1 | 350 |
| total: | 7 | 1625g |
| Acolyte | 15 | 1125 | / | 0 |
| Ghoul | 3 | 360 | / | 0 |
| Crypt Fiend | 11 | 2365 | / | 440 |
| Obsidian Statue | 8 | 1600 | / | 280 |
| total: | 37 | 5450g | / | 720w |
| Spirit Tower | 1 | 145 | / | 40 |
| Nerubian Tower | 1 | 100 | / | 20 |
| Graveyard | 1 | 215 | / | 0 |
| Crypt | 1 | 200 | / | 50 |
| Altar of Darkness | 1 | 180 | / | 50 |
| Ziggurat | 5 | 750 | / | 250 |
| Tomb of Relics | 1 | 130 | / | 30 |
| Slaughterhouse | 1 | 140 | / | 135 |
| Halls of the Dead | 1 | 320 | / | 210 |
| Black Citadel | 1 | 325 | / | 230 |
| total: | 10 | 1615g | / | 515w |
| 0:05 | Acolyte |
| 0:05 | Acolyte |
| 0:22 | Graveyard |
| 0:25 | Acolyte |
| 0:28 | Crypt |
| 0:49 | Altar of Darkness |
| 1:02 | Ziggurat |
| 1:30 | Ghoul |
| 1:41 | Tomb of Relics |
| 1:56 | Crypt Fiend |
| 2:07 | Ziggurat |
| 2:28 | Crypt Fiend |
| 2:53 | Rod of Necromancy |
| 3:05 | Crypt Fiend |
| 3:06 | Death Coil |
| 3:42 | Crypt Fiend |
| 4:09 | Halls of the Dead |
| 4:16 | Ghoul |
| 4:18 | Ghoul |
| 4:23 | Unholy Aura |
| 4:48 | Rod of Necromancy |
| 5:12 | Ziggurat |
| 5:14 | Creature Attack |
| 5:51 | Death Coil |
| 5:57 | Unholy Armor |
| 5:58 | Creature Carapace |
| 6:50 | Crypt Fiend |
| 6:53 | Black Citadel |
| 6:55 | Slaughterhouse |
| 7:08 | Burrow |
| 7:42 | Unholy Aura |
| 7:48 | Rod of Necromancy |
| 7:50 | Frost Nova |
| 7:54 | Ziggurat |
| 7:55 | Improved Creature Attack |
| 8:11 | Spirit Tower |
| 9:03 | Obsidian Statue |
| 9:03 | Obsidian Statue |
| 9:16 | Scroll of Healing |
| 9:39 | Acolyte |
| 9:52 | Nerubian Tower |
| 9:54 | Acolyte |
| 10:11 | Destroyer Form |
| 10:26 | Web |
| 11:55 | Frost Armor |
| 12:36 | Acolyte |
| 12:36 | Acolyte |
| 12:45 | Death Coil |
| 12:54 | Acolyte |
| 12:54 | Acolyte |
| 13:25 | Obsidian Statue |
| 13:52 | Acolyte |
| 14:36 | Orb of Corruption |
| 15:04 | Crypt Fiend |
| 15:26 | Acolyte |
| 16:02 | Obsidian Statue |
| 16:04 | Frost Nova |
| 16:14 | Acolyte |
| 16:42 | Acolyte |
| 16:48 | Ziggurat |
| 17:15 | Improved Creature Carapace |
| 17:47 | Crypt Fiend |
| 18:51 | Animate Dead |
| 19:44 | Crypt Fiend |
| 19:45 | Obsidian Statue |
| 20:11 | Obsidian Statue |
| 20:12 | Crypt Fiend |
| 20:49 | Crypt Fiend |
| 21:13 | Acolyte |
| 21:27 | Acolyte |
| 21:38 | Scroll of Town Portal |
| 21:39 | Potion of Mana |
| 22:00 | Obsidian Statue |
| 22:14 | Crypt Fiend |
| 22:49 | Obsidian Statue |
| 26:05 | Unholy Aura |
| 26:41 | Frost Armor |
| 29:03 | Frost Nova |
| Select group | 2108 |
| Right click | 1940 |
| Select | 575 |
| Build/train/purchase | 112 |
| Use ability | 52 |
| Chat | 41 |
| Assign group | 37 |
| Minimap ping | 35 |
| Misc. action | 32 |
| Item give/drop | 4 |
| Esc | 4 |


| Scroll of Town Portal | 2 | 700 |
| total: | 2 | 700g |
| Wisp | 17 | 1020 | / | 0 |
| Druid of the Claw | 13 | 3315 | / | 1040 |
| Dryad | 3 | 435 | / | 180 |
| total: | 33 | 4770g | / | 1220w |
| Altar of Elders | 1 | 180 | / | 50 |
| Moon Well | 7 | 1260 | / | 280 |
| Hunter's Hall | 1 | 210 | / | 100 |
| Tree of Life | 1 | 340 | / | 185 |
| Ancient of Lore | 2 | 310 | / | 290 |
| Tree of Ages | 1 | 320 | / | 180 |
| Tree of Eternity | 1 | 330 | / | 200 |
| total: | 12 | 2300g | / | 905w |
| 0:03 | Wisp |
| 0:03 | Wisp |
| 0:08 | Altar of Elders |
| 0:15 | Moon Well |
| 0:18 | Wisp |
| 0:18 | Wisp |
| 0:54 | Wisp |
| 1:09 | Wisp |
| 1:09 | Wisp |
| 1:29 | Wisp |
| 1:29 | Wisp |
| 1:55 | Tree of Ages |
| 2:16 | Hunter's Hall |
| 2:26 | Summon Lava Spawn |
| 2:39 | Moon Well |
| 3:24 | Reinforced Hides |
| 3:39 | Moon Well |
| 4:23 | Ancient of Lore |
| 4:29 | Ancient of Lore |
| 4:30 | Wisp |
| 4:31 | Wisp |
| 4:57 | Forked Lightning |
| 5:07 | Wisp |
| 5:17 | Soul Burn |
| 5:24 | Tree of Eternity |
| 5:41 | Druid of the Claw |
| 5:49 | Druid of the Claw |
| 6:07 | Moon Well |
| 6:11 | Druid of the Claw Adept Training |
| 6:19 | Druid of the Claw |
| 6:49 | Druid of the Claw |
| 7:05 | Druid of the Claw |
| 7:32 | Druid of the Claw |
| 7:35 | Frost Arrows |
| 7:50 | Druid of the Claw Master Training |
| 7:53 | Druid of the Claw |
| 8:21 | Improved Reinforced Hides |
| 8:37 | Druid of the Claw |
| 9:05 | Moon Well |
| 9:09 | Moon Well |
| 9:18 | Mark of the Claw |
| 9:45 | Moon Well |
| 9:55 | Strength of the Wild |
| 10:02 | Druid of the Claw |
| 10:19 | Druid of the Claw |
| 11:31 | Tree of Life |
| 12:13 | Dryad |
| 13:00 | Summon Lava Spawn |
| 13:09 | Druid of the Claw |
| 13:54 | Wisp |
| 13:54 | Wisp |
| 13:55 | Wisp |
| 13:55 | Wisp |
| 13:55 | Wisp |
| 14:50 | Dryad |
| 15:49 | Forked Lightning |
| 15:58 | Druid of the Claw |
| 16:17 | Druid of the Claw |
| 16:56 | Improved Strength of the Wild |
| 17:08 | Dryad |
| 17:16 | Scroll of Town Portal |
| 18:37 | Soul Burn |
| 24:37 | Scroll of Town Portal |
| 25:53 | Summon Lava Spawn |
| Select group | 1943 |
| Right click | 1446 |
| Select | 683 |
| Build/train/purchase | 86 |
| Resource trade | 47 |
| Misc. action | 45 |
| Assign group | 29 |
| Use ability | 20 |
| Minimap ping | 6 |
| Remove unit | 2 |

| Anti-magic Potion | 2 | 200 |
| Lesser Clarity Potion | 1 | 70 |
| Scroll of Town Portal | 5 | 1750 |
| Potion of Lesser Invulnerability | 1 | 150 |
| total: | 9 | 2170g |
| Wisp | 23 | 1380 | / | 0 |
| Archer | 33 | 4290 | / | 330 |
| Hippogryph | 8 | 1280 | / | 160 |
| Chimaera | 10 | 3300 | / | 700 |
| total: | 74 | 10250g | / | 1190w |
| Ancient Protector | 4 | 540 | / | 320 |
| Altar of Elders | 1 | 180 | / | 50 |
| Moon Well | 6 | 1080 | / | 240 |
| Ancient of War | 3 | 450 | / | 180 |
| Hunter's Hall | 1 | 210 | / | 100 |
| Ancient of Wonders | 1 | 90 | / | 30 |
| Tree of Life | 4 | 1360 | / | 740 |
| Ancient of Wind | 1 | 150 | / | 140 |
| Chimaera Roost | 2 | 280 | / | 380 |
| Tree of Ages | 1 | 320 | / | 180 |
| Tree of Eternity | 1 | 330 | / | 200 |
| total: | 23 | 4340g | / | 2180w |
| 0:02 | Wisp |
| 0:04 | Altar of Elders |
| 0:06 | Wisp |
| 0:17 | Moon Well |
| 0:21 | Wisp |
| 0:31 | Ancient of War |
| 0:35 | Wisp |
| 0:50 | Wisp |
| 0:58 | Wisp |
| 1:13 | Wisp |
| 1:22 | Moon Well |
| 1:32 | Archer |
| 1:42 | Archer |
| 2:04 | Searing Arrows |
| 2:10 | Archer |
| 2:23 | Hunter's Hall |
| 2:35 | Archer |
| 2:41 | Ancient of Wonders |
| 2:43 | Wisp |
| 2:43 | Wisp |
| 2:57 | Archer |
| 3:19 | Archer |
| 3:23 | Trueshot Aura |
| 3:27 | Ultravision |
| 3:32 | Ancient Protector |
| 3:33 | Wisp |
| 3:49 | Archer |
| 4:00 | Strength of the Moon |
| 4:35 | Tree of Ages |
| 5:03 | Archer |
| 5:16 | Archer |
| 5:22 | Moon Armor |
| 5:36 | Moon Well |
| 5:47 | Archer |
| 6:14 | Searing Arrows |
| 6:28 | Searing Arrows |
| 6:40 | Tree of Life |
| 7:07 | Wisp |
| 7:07 | Wisp |
| 7:07 | Wisp |
| 7:10 | Improved Bows |
| 7:32 | Ancient of Wind |
| 7:34 | Wisp |
| 8:01 | Wisp |
| 8:01 | Wisp |
| 8:06 | Potion of Lesser Invulnerability |
| 8:19 | Improved Strength of the Moon |
| 8:32 | Tree of Eternity |
| 8:35 | Moon Well |
| 8:38 | Hippogryph |
| 9:04 | Advanced Strength of the Moon |
| 9:23 | Archer |
| 9:26 | Hippogryph |
| 9:39 | Wisp |
| 9:40 | Wisp |
| 9:40 | Wisp |
| 9:40 | Wisp |
| 9:40 | Wisp |
| 9:56 | Ancient of War |
| 9:58 | Wisp |
| 10:20 | Improved Moon Armor |
| 10:45 | Archer |
| 10:47 | Hippogryph |
| 11:16 | Archer |
| 11:17 | Marksmanship |
| 11:25 | Trueshot Aura |
| 11:30 | Archer |
| 11:31 | Hippogryph |
| 12:06 | Archer |
| 12:18 | Archer |
| 12:19 | Advanced Moon Armor |
| 12:45 | Archer |
| 12:52 | Reinforced Hides |
| 12:54 | Well Spring |
| 13:24 | Archer |
| 13:24 | Archer |
| 13:25 | Archer |
| 13:25 | Archer |
| 13:27 | Archer |
| 13:27 | Archer |
| 13:28 | Hippogryph |
| 13:40 | Moon Well |
| 13:44 | Moon Well |
| 13:59 | Scroll of Town Portal |
| 14:38 | Archer |
| 14:40 | Hippogryph |
| 14:40 | Hippogryph |
| 14:52 | Archer |
| 15:06 | Chimaera Roost |
| 15:10 | Chimaera Roost |
| 15:16 | Strength of the Wild |
| 15:40 | Archer |
| 15:43 | Trueshot Aura |
| 16:14 | Scroll of Town Portal |
| 17:07 | Chimaera |
| 18:16 | Chimaera |
| 18:26 | Ancient Protector |
| 18:27 | Ancient Protector |
| 18:28 | Ancient Protector |
| 18:35 | Scroll of Town Portal |
| 18:38 | Anti-magic Potion |
| 18:59 | Starfall |
| 19:11 | Searing Arrows |
| 19:16 | Chimaera |
| 19:47 | Scout |
| 19:55 | Chimaera |
| 19:58 | Improved Strength of the Wild |
| 19:59 | Improved Reinforced Hides |
| 20:20 | Scroll of Town Portal |
| 20:41 | Anti-magic Potion |
| 22:09 | Chimaera |
| 22:13 | Hippogryph |
| 22:15 | Archer |
| 22:15 | Archer |
| 23:03 | Tree of Life |
| 25:18 | Chimaera |
| 25:59 | Chimaera |
| 26:00 | Advanced Strength of the Wild |
| 26:01 | Advanced Reinforced Hides |
| 26:18 | Ancient of War |
| 26:23 | Wisp |
| 26:25 | Tree of Life |
| 26:27 | Tree of Life |
| 26:44 | Scroll of Town Portal |
| 26:45 | Lesser Clarity Potion |
| 27:11 | Chimaera |
| 27:12 | Archer |
| 27:48 | Corrosive Breath |
| 27:57 | Scout |
| 28:16 | Archer |
| 28:24 | Archer |
| 28:32 | Archer |
| 28:33 | Chimaera |
| 28:58 | Archer |
| 28:59 | Chimaera |
| Right click | 838 |
| Select | 720 |
| Select group | 523 |
| Build/train/purchase | 142 |
| Misc. action | 127 |
| Assign group | 81 |
| Use ability | 9 |
| Remove unit | 4 |
| Item give/drop | 3 |



| Healing Salve | 9 | 900 |
| Lesser Clarity Potion | 3 | 210 |
| Scroll of Speed | 1 | 50 |
| Orb of Lightning | 1 | 375 |
| Potion of Healing | 1 | 150 |
| Potion of Mana | 1 | 200 |
| Scroll of Town Portal | 4 | 1400 |
| Staff of Teleportation | 1 | 150 |
| Potion of Lesser Invulnerability | 1 | 150 |
| total: | 22 | 3585g |
| Peon | 13 | 975 | / | 0 |
| Grunt | 10 | 2000 | / | 0 |
| Raider | 3 | 540 | / | 120 |
| Spirit Walker | 5 | 975 | / | 175 |
| Kodo Beast | 1 | 255 | / | 60 |
| Tauren | 8 | 2240 | / | 640 |
| Troll Batrider | 4 | 640 | / | 160 |
| total: | 44 | 7625g | / | 1155w |
| Watch Tower | 2 | 220 | / | 160 |
| Altar of Storms | 1 | 180 | / | 50 |
| Orc Burrow | 8 | 1280 | / | 320 |
| Barracks | 1 | 180 | / | 50 |
| Voodoo Lounge | 1 | 130 | / | 30 |
| Great Hall | 2 | 770 | / | 370 |
| War Mill | 1 | 205 | / | 0 |
| Beastiary | 1 | 145 | / | 140 |
| Tauren Totem | 1 | 135 | / | 155 |
| Stronghold | 1 | 315 | / | 190 |
| Fortress | 1 | 325 | / | 190 |
| total: | 18 | 3245g | / | 1275w |
| 0:01 | Peon |
| 0:07 | Altar of Storms |
| 0:19 | Peon |
| 0:20 | Orc Burrow |
| 0:28 | Peon |
| 0:36 | Barracks |
| 0:46 | Peon |
| 0:59 | Peon |
| 1:20 | Peon |
| 1:31 | Orc Burrow |
| 1:38 | Grunt |
| 1:44 | Peon |
| 2:24 | Critical Strike |
| 2:26 | Grunt |
| 2:27 | Voodoo Lounge |
| 2:51 | Stronghold |
| 3:26 | Grunt |
| 3:47 | Orc Burrow |
| 3:52 | Wind Walk |
| 3:56 | Healing Salve |
| 3:56 | Healing Salve |
| 4:36 | Grunt |
| 5:30 | Critical Strike |
| 5:54 | Beastiary |
| 6:05 | Tauren Totem |
| 6:11 | Great Hall |
| 6:16 | Healing Salve |
| 6:17 | Healing Salve |
| 6:20 | Lesser Clarity Potion |
| 6:59 | Healing Wave |
| 7:04 | Raider |
| 7:05 | Ensnare |
| 7:20 | Spirit Walker |
| 7:20 | Spirit Walker Adept Training |
| 8:09 | Fortress |
| 8:28 | War Mill |
| 8:34 | Orc Burrow |
| 8:41 | Healing Salve |
| 8:47 | Healing Salve |
| 8:48 | Scroll of Speed |
| 9:15 | Peon |
| 9:15 | Peon |
| 9:28 | Orc Burrow |
| 9:37 | Spirit Walker |
| 10:19 | Spirit Walker |
| 10:25 | Kodo Beast |
| 10:30 | Peon |
| 10:30 | Peon |
| 10:40 | War Drums Damage Increase |
| 10:43 | Spirit Walker Master Training |
| 11:21 | Tauren |
| 11:30 | Hex |
| 12:03 | Tauren |
| 12:04 | Grunt |
| 12:20 | Raider |
| 12:21 | Grunt |
| 12:56 | Healing Salve |
| 12:56 | Lesser Clarity Potion |
| 13:04 | Lesser Clarity Potion |
| 13:06 | Orb of Lightning |
| 13:08 | Scroll of Town Portal |
| 13:20 | Pulverize |
| 13:46 | Spirit Walker |
| 13:59 | Staff of Teleportation |
| 14:02 | Potion of Lesser Invulnerability |
| 14:14 | Scroll of Town Portal |
| 14:27 | Tauren |
| 14:56 | Watch Tower |
| 14:59 | Reinforced Defenses |
| 15:03 | Raider |
| 15:18 | Peon |
| 15:18 | Peon |
| 16:10 | Tauren |
| 16:18 | Healing Salve |
| 16:18 | Healing Salve |
| 16:25 | Wind Walk |
| 16:43 | Scroll of Town Portal |
| 17:21 | Troll Batrider |
| 19:22 | Troll Batrider |
| 19:26 | Spirit Walker |
| 19:35 | Grunt |
| 19:44 | Tauren |
| 19:47 | Grunt |
| 19:53 | Watch Tower |
| 20:14 | Troll Batrider |
| 21:20 | Troll Batrider |
| 21:25 | Tauren |
| 21:38 | Great Hall |
| 22:23 | Wind Walk |
| 22:25 | Healing Wave |
| 22:33 | Orc Burrow |
| 23:12 | Orc Burrow |
| 23:28 | Tauren |
| 23:54 | Grunt |
| 24:20 | Tauren |
| 24:34 | Scroll of Town Portal |
| 25:02 | Grunt |
| 25:21 | Orc Burrow |
| 25:27 | Potion of Healing |
| 25:27 | Potion of Mana |
| 26:18 | Endurance Aura |
| 26:32 | Hex |
| 28:25 | War Stomp |
| Select group | 1571 |
| Right click | 1498 |
| Select | 575 |
| Use ability | 167 |
| Build/train/purchase | 121 |
| Assign group | 61 |
| Resource trade | 39 |
| Chat | 35 |
| Item give/drop | 6 |
| Minimap ping | 6 |
| Remove unit | 3 |
| Esc | 2 |
| Misc. action | 1 |
⇛